[Event "Hungarian Youth-ch I 2024"]
[Site "Szolnok"]
[Date "2024.04.05"]
[Round "8.7"]
[White "Turcsanyi, Vince Gergo"]
[Black "Foldes, Marton Gabor"]
[Result "0-1"]
[ECO "A35"]
[WhiteElo "2247"]
[BlackElo "2162"]
[Annotator "RC"]
[PlyCount "68"]
[EventDate "2024.03.31"]
[EventType "swiss"]
[EventCountry "HUN"]
[SourceTitle "playchess.com"]
[Source "ChessBase"]
[SourceQuality "1"]
[TimeControl "5400+30"]

1. Nf3 Nf6 2. c4 c5 3. Nc3 Nc6 4. e3 e5 5. d4 cxd4 6. exd4 e4 7. Ne5 Bb4 8. Be2 Qa5 9. Nxc6 dxc6 10. Bd2 O-O 11. O-O Re8 12. a3 Bxc3 13. bxc3 Qf5 14. h3 Qg6 15. Kh1 h5 16. a4 h4 17. a5 Be6 18. Qa4 Rac8 19. Qb4 c5 20. Qxb7 Rb8 21. Qc6 Rb2 22. Rad1 Rc8 23. Qa6 e3 24. d5 Bd7 25. fxe3 Ne4 26. Qxa7 Ng3+ 27. Kh2 Qd6 28. Rf3 Nxe2+ 29. Kh1 Rcb8 30. e4 Rxd2 31. Re1 Ng3+ 32. Kg1 Rbb2 33. Qa8+ Kh7 34. Rxg3 Qxg3 0-1

[Event "Hungarian Youth-ch I 2024"]
[Site "Szolnok"]
[Date "2024.04.05"]
[Round "8.8"]
[White "Szegedy, Matyas"]
[Black "Apro, Barnabas"]
[Result "1-0"]
[ECO "B52"]
[WhiteElo "2177"]
[BlackElo "2026"]
[Annotator "RC"]
[PlyCount "84"]
[EventDate "2024.03.31"]
[EventType "swiss"]
[EventCountry "HUN"]
[SourceTitle "playchess.com"]
[Source "ChessBase"]
[SourceQuality "1"]
[TimeControl "5400+30"]

1. e4 c5 2. Nf3 d6 3. Bb5+ Bd7 4. Bxd7+ Qxd7 5. O-O Nc6 6. c4 Nf6 7. Nc3 g6 8. d3 Bg7 9. Ne1 a6 10. Nc2 O-O 11. a4 Qd8 12. f4 Nd7 13. Kh1 Nd4 14. Ne3 f5 15. Bd2 e6 16. g4 b5 17. cxb5 axb5 18. Nxb5 Nxb5 19. axb5 Rxa1 20. Qxa1 Qa8 21. Qxa8 Rxa8 22. gxf5 exf5 23. exf5 Rb8 24. fxg6 hxg6 25. Bc3 Rxb5 26. Kg2 Nb6 27. Ra1 Bd4 28. Kf3 Bxe3 29. Kxe3 d5 30. d4 Nc4+ 31. Kd3 cxd4 32. Kxd4 Kf7 33. b4 Kf6 34. Ra8 Kf5 35. Rf8+ Kg4 36. Rf6 g5 37. fxg5 Kxg5 38. Rc6 Na3 39. Rc5 Nc2+ 40. Ke5 Rb8 41. Bd2+ Kg6 42. Rxc2 Ra8 1-0

[Event "Hungarian Youth-ch I 2024"]
[Site "Szolnok"]
[Date "2024.04.05"]
[Round "8.9"]
[White "Panda, Barnabas"]
[Black "Bodrogi, Bendeguz"]
[Result "0-1"]
[ECO "A13"]
[WhiteElo "2066"]
[BlackElo "2316"]
[Annotator "RC"]
[PlyCount "74"]
[EventDate "2024.03.31"]
[EventType "swiss"]
[EventCountry "HUN"]
[SourceTitle "playchess.com"]
[Source "ChessBase"]
[SourceQuality "1"]
[TimeControl "5400+30"]

1. c4 e6 2. g3 d5 3. Nf3 d4 4. Bg2 Nc6 5. d3 Bb4+ 6. Nbd2 a5 7. O-O Nf6 8. a3 Be7 9. b3 O-O 10. Bb2 e5 11. Qc2 Re8 12. Rfe1 Bf5 13. Rad1 Bc5 14. Ng5 Qd7 15. Nde4 Nxe4 16. Nxe4 Bf8 17. Qc1 Rad8 18. Qa1 Bg6 19. e3 Bh5 20. Rd2 h6 21. Rc2 dxe3 22. Rxe3 Nd4 23. Bxd4 exd4 24. Re1 Qe7 25. Rb1 f5 26. Nd2 Qxa3 27. Qxa3 Bxa3 28. Bxb7 Be2 29. Ra1 Bxd3 30. Rca2 Bb4 31. Bd5+ Kh7 32. Nf3 c5 33. Rxa5 Bxa5 34. Rxa5 Be4 35. Rxc5 Rxd5 36. cxd5 Bxf3 37. Rc1 d3 0-1

[Event "Hungarian Youth-ch I 2024"]
[Site "Szolnok"]
[Date "2024.04.05"]
[Round "8.10"]
[White "Gergely, Daniel"]
[Black "Gyorfi, Adam"]
[Result "1-0"]
[ECO "E32"]
[WhiteElo "2230"]
[BlackElo "2042"]
[Annotator "RC"]
[PlyCount "31"]
[EventDate "2024.03.31"]
[EventType "swiss"]
[EventCountry "HUN"]
[SourceTitle "playchess.com"]
[Source "ChessBase"]
[SourceQuality "1"]
[TimeControl "5400+30"]

1. d4 Nf6 2. c4 e6 3. Nc3 Bb4 4. Qc2 O-O 5. e4 d5 6. e5 Ne4 7. Bd3 c5 8. Nf3 Nc6 9. O-O f5 10. cxd5 exd5 11. Nxd5 cxd4 12. Nxb4 Nxb4 13. Qb3+ Nd5 14. Bc4 Be6 15. Nxd4 Bf7 16. e6 1-0

[Event "Hungarian Youth-ch I 2024"]
[Site "Szolnok"]
[Date "2024.04.05"]
[Round "8.11"]
[White "Horvath, Andras"]
[Black "Feher, Botond"]
[Result "1/2-1/2"]
[ECO "B35"]
[WhiteElo "2260"]
[BlackElo "2018"]
[Annotator "RC"]
[PlyCount "86"]
[EventDate "2024.03.31"]
[EventType "swiss"]
[EventCountry "HUN"]
[SourceTitle "playchess.com"]
[Source "ChessBase"]
[SourceQuality "1"]
[TimeControl "5400+30"]

1. e4 c5 2. Nf3 Nc6 3. d4 cxd4 4. Nxd4 g6 5. Be3 Nf6 6. Nc3 Bg7 7. Bc4 O-O 8. Bb3 Re8 9. f3 e6 10. O-O a6 11. Qd2 Qc7 12. Rad1 Na5 13. Kh1 Nxb3 14. Nxb3 b5 15. Bf4 e5 16. Be3 Bb7 17. Qf2 d6 18. Bb6 Qe7 19. Na5 Bc8 20. Nc6 Qd7 21. Nb4 Bb7 22. Nbd5 Rac8 23. Nxf6+ Bxf6 24. Nd5 Bg7 25. Be3 Qe6 26. Rd2 f5 27. Rfd1 Bxd5 28. Rxd5 Bf8 29. Bb6 Rc4 30. Qe2 Be7 31. c3 Rf8 32. exf5 gxf5 33. Ba5 Rh4 34. Bb4 Rf6 35. Bxd6 Bxd6 36. Rxd6 Qxd6 37. Rxd6 Rxd6 38. g3 Rhh6 39. Qxe5 Rd1+ 40. Kg2 Rd2+ 41. Kg1 Rd1+ 42. Kg2 Rd2+ 43. Kg1 Rd1+ 1/2-1/2

[Event "Hungarian Youth-ch I 2024"]
[Site "Szolnok"]
[Date "2024.04.05"]
[Round "8.12"]
[White "Toth, Rafael"]
[Black "Lehocz, Jozsef Jr."]
[Result "0-1"]
[ECO "C00"]
[WhiteElo "1843"]
[BlackElo "2143"]
[Annotator "RC"]
[PlyCount "78"]
[EventDate "2024.03.31"]
[EventType "swiss"]
[EventCountry "HUN"]
[SourceTitle "playchess.com"]
[Source "ChessBase"]
[SourceQuality "1"]
[TimeControl "5400+30"]

1. e4 e6 2. d4 b6 3. Nf3 Bb7 4. Bd3 c5 5. Qe2 cxd4 6. Nxd4 d6 7. O-O Nf6 8. c4 Be7 9. Nc3 a6 10. b3 Qc7 11. Bb2 O-O 12. Rae1 Nbd7 13. f4 Rad8 14. Kh1 g6 15. f5 e5 16. Nc2 Nc5 17. h3 Nh5 18. Kh2 Bh4 19. Rd1 Ng3 20. Qe3 Nxd3 21. Qxd3 Nxf1+ 22. Rxf1 b5 23. Ne3 bxc4 24. bxc4 Rc8 25. Ba3 Bg5 26. Bxd6 Rfd8 27. Rd1 Rxd6 28. Qxd6 Qxd6 29. Rxd6 Bxe3 30. Nd5 Bxd5 31. cxd5 gxf5 32. exf5 Bf4+ 33. g3 Rc2+ 34. Kg1 Bxg3 35. Rxa6 h5 36. a4 Kg7 37. Ra8 Rd2 38. Rd8 Bh4 39. Rd7 e4 0-1

[Event "Hungarian Youth-ch I 2024"]
[Site "Szolnok"]
[Date "2024.04.05"]
[Round "8.13"]
[White "Baki, Bence"]
[Black "Kovacs, Kristof"]
[Result "0-1"]
[ECO "C91"]
[WhiteElo "1876"]
[BlackElo "2000"]
[Annotator "RC"]
[PlyCount "102"]
[EventDate "2024.03.31"]
[EventType "swiss"]
[EventCountry "HUN"]
[SourceTitle "playchess.com"]
[Source "ChessBase"]
[SourceQuality "1"]
[TimeControl "5400+30"]

1. e4 e5 2. Nf3 Nc6 3. Bb5 a6 4. Ba4 Nf6 5. O-O Be7 6. Re1 b5 7. Bb3 O-O 8. c3 d6 9. d4 exd4 10. cxd4 Bg4 11. Bf4 Bxf3 12. gxf3 Na5 13. Bc2 Nh5 14. Bg3 Bg5 15. e5 Nf4 16. Nc3 Qd7 17. Bxf4 Bxf4 18. Nd5 Bg5 19. f4 Bd8 20. f5 Nc6 21. f6 g6 22. Re3 Re8 23. f4 dxe5 24. dxe5 Nb8 25. Rd3 Qc8 26. Rg3 c6 27. Qh5 cxd5 28. Qh6 Qc5+ 29. Kh1 Qf8 30. Qh4 Bb6 31. Rh3 h6 32. Rg3 Bf2 33. Rag1 Bxg1 34. Qh5 Kh8 35. Bxg6 Bxh2 36. Kxh2 fxg6 37. Rxg6 Ra7 38. e6 Rxe6 39. Qh4 Rf7 40. Kg2 Rexf6 41. f5 Rxg6+ 42. fxg6 Qg7 43. Qg3 Rf8 44. Qd6 Nd7 45. Qxd5 Qxg6+ 46. Kh2 Qf5 47. Qb3 Qf2+ 48. Kh1 Qf1+ 49. Kh2 Rf2+ 50. Kg3 Rg2+ 51. Kh4 Qf4+ 0-1

[Event "Hungarian Youth-ch I 2024"]
[Site "Szolnok"]
[Date "2024.04.05"]
[Round "8.14"]
[White "Sinoros-Szabo, Daniel"]
[Black "Janosi, Bence"]
[Result "1/2-1/2"]
[ECO "C10"]
[WhiteElo "1971"]
[BlackElo "1893"]
[Annotator "RC"]
[PlyCount "39"]
[EventDate "2024.03.31"]
[EventType "swiss"]
[EventCountry "HUN"]
[SourceTitle "playchess.com"]
[Source "ChessBase"]
[SourceQuality "1"]
[TimeControl "5400+30"]

1. e4 e6 2. d4 d5 3. Nc3 Nc6 4. Nf3 Nf6 5. e5 Ne4 6. Bd3 Bb4 7. Bd2 Nxd2 8. Qxd2 f6 9. exf6 Qxf6 10. O-O Bd7 11. a3 Bd6 12. Rfe1 O-O-O 13. Ne2 Rdf8 14. c4 dxc4 15. Bxc4 e5 16. d5 e4 17. dxc6 Bxc6 18. Nfd4 Bxh2+ 19. Kxh2 Qh4+ 20. Kg1 1/2-1/2

[Event "Hungarian Youth-ch I 2024"]
[Site "Szolnok"]
[Date "2024.04.05"]
[Round "8.15"]
[White "Hegedus, Bernat"]
[Black "Hangay, Oliver"]
[Result "0-1"]
[ECO "A47"]
[WhiteElo "1778"]
[BlackElo "1962"]
[Annotator "RC"]
[PlyCount "88"]
[EventDate "2024.03.31"]
[EventType "swiss"]
[EventCountry "HUN"]
[SourceTitle "playchess.com"]
[Source "ChessBase"]
[SourceQuality "1"]
[TimeControl "5400+30"]

1. Nf3 Nf6 2. d4 b6 3. c4 Bb7 4. Nc3 e6 5. Qc2 Bb4 6. Bg5 h6 7. Bh4 g5 8. Bg3 Ne4 9. Be5 Rg8 10. Nd2 Bxc3 11. bxc3 f5 12. f3 Nxd2 13. Qxd2 d6 14. Bg3 Nd7 15. h4 Qf6 16. e3 O-O-O 17. d5 Nc5 18. Qd4 e5 19. Qd1 Rde8 20. Bf2 Qg6 21. g3 f4 22. e4 fxg3 23. Bxg3 g4 24. Bd3 gxf3 25. Bf2 Ref8 26. Qc2 Nxd3+ 27. Qxd3 Rf4 28. O-O-O Qxe4 29. Qxe4 Rxe4 30. Rhg1 Reg4 31. Rxg4 Rxg4 32. Kd2 Ba6 33. Ke3 Rxc4 34. Kxf3 Rxc3+ 35. Ke4 Rc4+ 36. Ke3 Rg4 37. Kf3 h5 38. Rg1 Rxg1 39. Bxg1 Bc4 40. Ke4 Bxa2 41. Kf5 Bxd5 42. Kg5 Bf3 43. Be3 a5 44. Bf2 a4 0-1

[Event "Hungarian Youth-ch I 2024"]
[Site "Szolnok"]
[Date "2024.04.05"]
[Round "8.16"]
[White "Liu, James Jiayu"]
[Black "Papai, Mate"]
[Result "0-1"]
[ECO "B40"]
[WhiteElo "1782"]
[BlackElo "1887"]
[Annotator "NA RC"]
[PlyCount "98"]
[EventDate "2024.03.31"]
[EventType "swiss"]
[EventCountry "HUN"]
[SourceTitle "playchess.com"]
[Source "ChessBase"]
[SourceQuality "1"]
[TimeControl "5400+30"]

1. e4 c5 2. Nf3 e6 3. g3 Nc6 4. Bg2 d5 5. exd5 exd5 6. d4 {[%emt 0:00:24] B40: Sicilian: 2...e6, Unusual lines.} Bg4 7. c3 cxd4 8. cxd4 Nf6 9. O-O Be7 10. Be3 O-O 11. Nbd2 Rc8 12. Rc1 Qb6 13. Qb3 Qa6 14. Rfe1 Na5 15. Qd1 h6 16. Bxh6 gxh6 17. Rxe7 Be6 18. Rec7 Rxc7 19. Rxc7 Nc6 20. Qb3 Bc8 21. Qe3 Qb6 22. Qf4 Kg7 23. Nb3 Nh5 24. Rxc6 bxc6 25. Qe5+ Nf6 26. h3 Re8 $15 27. Qf4 Ne4 28. Ne5 f6 29. Ng4 Bxg4 30. Qxg4+ Kf8 31. Nc5 Nxc5 32. dxc5 Qxc5 33. Qf4 Re1+ 34. Kh2 Kf7 35. Qxh6 Qxf2 36. Qh7+ Ke6 37. Qg8+ Kd7 38. Qg4+ Kc7 39. Qf4+ Qxf4 40. gxf4 Kd6 41. Kg3 d4 42. Kf2 Rb1 43. Be4 Rxb2+ 44. Ke1 Rxa2 45. h4 Rh2 46. Bxc6 Kxc6 47. f5 d3 48. Kd1 a5 49. h5 a4 0-1

[Event "Hungarian Youth-ch I 2024"]
[Site "Szolnok"]
[Date "2024.04.05"]
[Round "8.19"]
[White "Zhao, Yichen"]
[Black "Golya, David"]
[Result "0-1"]
[ECO "B72"]
[WhiteElo "1673"]
[BlackElo "1672"]
[Annotator "NA RC"]
[PlyCount "72"]
[EventDate "2024.03.31"]
[EventType "swiss"]
[EventCountry "HUN"]
[SourceTitle "playchess.com"]
[Source "ChessBase"]
[SourceQuality "1"]
[TimeControl "5400+30"]

1. e4 c5 2. Nf3 d6 3. d4 cxd4 4. Nxd4 Nf6 5. Nc3 g6 6. Be3 Bg7 7. Be2 O-O 8. O-O Nc6 9. a3 Qc7 10. Qd2 Bd7 11. h3 a6 12. Bf3 Ne5 13. Rad1 Rfe8 14. Rfe1 Nc4 15. Qc1 Qb6 16. Nb3 Nxe3 17. Qxe3 Qxe3 18. Rxe3 Rab8 19. g4 Bh6 20. Red3 Bf4 21. Nd5 Nxd5 22. Rxd5 Bc6 23. R5d3 Bb5 24. Rd5 e6 25. R5d4 Be5 26. R4d2 Bxb2 27. Rxd6 Bxa3 28. R6d4 Rbc8 29. e5 Rxc2 30. Bxb7 Rc3 31. Nd2 Rxh3 32. Ne4 Rb8 33. Rd8+ Rxd8 34. Rxd8+ Kg7 35. g5 Bc1 36. f3 Rh5 0-1

[Event "Hungarian Youth-ch I 2024"]
[Site "Szolnok"]
[Date "2024.04.05"]
[Round "8.20"]
[White "Fan, Xiaotong"]
[Black "Marton-John, Almos Kiran"]
[Result "1/2-1/2"]
[ECO "C24"]
[WhiteElo "1731"]
[BlackElo "1693"]
[Annotator "NA RC"]
[PlyCount "105"]
[EventDate "2024.03.31"]
[EventType "swiss"]
[EventCountry "HUN"]
[SourceTitle "playchess.com"]
[Source "ChessBase"]
[SourceQuality "1"]
[TimeControl "5400+30"]

1. e4 e5 2. Bc4 Nf6 3. d3 Bc5 4. Nc3 Nc6 5. Be3 d6 6. Bxc5 dxc5 7. Nge2 Be6 8. Bb3 Qd7 9. Qd2 O-O-O 10. O-O-O Nd4 11. h3 Ne8 12. f4 f6 13. Qe3 Nd6 14. fxe5 fxe5 15. Rhf1 c4 16. dxc4 Nxc4 17. Qg3 Qe7 18. Rfe1 Rhe8 19. Qf2 Qg5+ 20. Kb1 Nd2+ 21. Ka1 Bxb3 22. Nxd4 exd4 23. Rxd2 dxc3 24. Rxd8+ Rxd8 25. axb3 cxb2+ 26. Kxb2 Qe5+ 27. Kb1 b6 28. Qf5+ Qxf5 29. exf5 Rd2 30. g4 Kd7 31. Kb2 a5 32. Kc3 Rd6 33. g5 Rd5 34. f6 Rxg5 35. Re7+ Kd6 36. Rxg7 Rf5 37. Rxh7 Rxf6 38. h4 Rf3+ 39. Kb2 Rh3 40. h5 Kc6 41. h6 Kb5 42. Rxc7 Rxh6 43. Rc4 Rh5 44. Rd4 Rc5 45. Rh4 Ka6 46. Rd4 Kb7 47. c3 Kc6 48. b4 axb4 49. Rxb4 b5 50. Kb3 Kb6 51. c4 Rxc4 52. Rxc4 bxc4+ 53. Kxc4 1/2-1/2

[Event "Hungarian Youth-ch I 2024"]
[Site "Szolnok"]
[Date "2024.04.06"]
[Round "9.1"]
[White "Gathi, Donat"]
[Black "Szikszai, Bertalan"]
[Result "0-1"]
[ECO "B40"]
[WhiteElo "2192"]
[BlackElo "2312"]
[Annotator "RC"]
[PlyCount "128"]
[EventDate "2024.03.31"]
[EventType "swiss"]
[EventCountry "HUN"]
[SourceTitle "playchess.com"]
[Source "ChessBase"]
[SourceQuality "1"]
[TimeControl "5400+30"]

1. e4 c5 2. Nf3 e6 3. d4 cxd4 4. Nxd4 Nf6 5. Nc3 Nc6 6. Ndb5 Bc5 7. Bf4 O-O 8. Bc7 Qe7 9. Bd6 Bxd6 10. Qxd6 Qd8 11. O-O-O a6 12. Nd4 Ne7 13. h4 Ne8 14. Qg3 b5 15. Bd3 b4 16. Nce2 d6 17. f4 Bb7 18. h5 h6 19. Kb1 Qc7 20. Rh4 Qc5 21. e5 Bd5 22. Rg4 Kh8 23. f5 dxe5 24. f6 Nxf6 25. Rxg7 Rg8 26. Rxg8+ Nexg8 27. Nb3 Bxb3 28. axb3 Rd8 29. Rf1 e4 30. Bc4 a5 31. Qh4 Qg5 32. Qxg5 hxg5 33. Kc1 Kg7 34. Ng3 Rc8 35. Re1 Rc5 36. Kd2 g4 37. Ke3 Nxh5 38. Nxe4 Rf5 39. Bd3 Re5 40. Kd4 Rd5+ 41. Kc4 Ngf6 42. Nc5 Ne8 43. Kb5 Nf4 44. Bc4 Rg5 45. g3 Nh5 46. Re3 Nd6+ 47. Kb6 Nf5 48. Re1 Nfxg3 49. c3 Nf4 50. Rg1 Nge2 51. Bxe2 Nxe2 52. Rg2 Nf4 53. Rg1 bxc3 54. bxc3 Ne2 55. Ne4 Nxg1 56. Nxg5 Nf3 57. Ne4 f5 58. Ng3 Nd2 59. Kxa5 Ne4 60. Ne2 e5 61. b4 f4 62. Nc1 g3 63. b5 f3 64. b6 Nd6 0-1

[Event "Hungarian Youth-ch I 2024"]
[Site "Szolnok"]
[Date "2024.04.06"]
[Round "9.2"]
[White "Gulacsi, Donat Ferenc"]
[Black "Kocsmar, Akos"]
[Result "0-1"]
[ECO "B20"]
[WhiteElo "1912"]
[BlackElo "2029"]
[Annotator "NA RC"]
[PlyCount "102"]
[EventDate "2024.03.31"]
[EventType "swiss"]
[EventCountry "HUN"]
[SourceTitle "playchess.com"]
[Source "ChessBase"]
[SourceQuality "1"]
[TimeControl "5400+30"]

1. e4 c5 2. Ne2 Nf6 3. e5 Nd5 4. Nbc3 Nb6 5. d4 cxd4 6. Nxd4 {[%emt 0:00:03] B20: Sicilian: Unusual White 2nd moves.} Nc6 7. Bf4 g6 8. Be2 Bg7 9. Nxc6 (9. Nf3 $14) 9... bxc6 10. Qd2 f6 11. Bh6 Bxh6 12. Qxh6 Kf7 13. f4 d5 14. O-O-O Qf8 15. Qxf8+ Rxf8 16. exf6 exf6 17. g4 Re8 18. g5 Bf5 19. Ba6 Re7 20. Rhe1 Rae8 21. Rxe7+ Rxe7 22. Kd2 $1 Nd7 23. Bc8 Nc5 24. Bxf5 gxf5 25. gxf6 Kxf6 26. Rg1 Ne4+ 27. Nxe4+ Rxe4 28. Rf1 Kg6 29. Rf3 Kh5 30. Rh3+ Kg4 31. Rxh7 Rxf4 32. Rxa7 Rf2+ 33. Kd3 Rxh2 34. Ra6 Rh6 35. b4 f4 36. b5 Rh3+ 37. Kd4 cxb5 38. Rg6+ Kf3 39. Kxd5 Rh2 40. Rc6 Rg2 41. Rc3+ Kg4 $19 42. Rc8 f3 43. c4 Rd2+ 44. Kc5 bxc4 45. Rg8+ Kh3 46. Rh8+ Kg2 47. Rg8+ Kf1 48. Kxc4 Rxa2 49. Kd3 f2 50. Re8 Ra3+ 51. Kd2 Kg2 0-1

[Event "Hungarian Youth-ch I 2024"]
[Site "Szolnok"]
[Date "2024.04.06"]
[Round "9.3"]
[White "Fule, Simon"]
[Black "Herpai, Jozsef Matyas"]
[Result "1-0"]
[ECO "B90"]
[WhiteElo "2262"]
[BlackElo "2037"]
[Annotator "RC"]
[PlyCount "59"]
[EventDate "2024.03.31"]
[EventType "swiss"]
[EventCountry "HUN"]
[SourceTitle "playchess.com"]
[Source "ChessBase"]
[SourceQuality "1"]
[TimeControl "5400+30"]

1. e4 c5 2. Nf3 d6 3. d4 cxd4 4. Nxd4 Nf6 5. Nc3 a6 6. f3 e5 7. Nb3 Be6 8. Be3 Be7 9. Qd2 O-O 10. O-O-O Nbd7 11. g4 b5 12. Rg1 b4 13. Nd5 Bxd5 14. exd5 a5 15. g5 Nh5 16. Kb1 Qb8 17. Rg4 Bd8 18. Bh3 Qb7 19. Re4 f5 20. gxf6 Ndxf6 21. Rc4 Bb6 22. Rc6 Bxe3 23. Be6+ Kh8 24. Qxe3 Ra6 25. Qd3 Rxc6 26. Nxa5 Qb6 27. dxc6 Qxa5 28. Qxd6 Qa8 29. c7 b3 30. Qxf8+ 1-0

[Event "Hungarian Youth-ch I 2024"]
[Site "Szolnok"]
[Date "2024.04.06"]
[Round "9.4"]
[White "Barna, Peter"]
[Black "Borzsei, Andras"]
[Result "0-1"]
[ECO "B23"]
[WhiteElo "1702"]
[BlackElo "2126"]
[Annotator "RC"]
[PlyCount "80"]
[EventDate "2024.03.31"]
[EventType "swiss"]
[EventCountry "HUN"]
[SourceTitle "playchess.com"]
[Source "ChessBase"]
[SourceQuality "1"]
[TimeControl "5400+30"]

1. e4 c5 2. Nc3 e6 3. f4 d5 4. Bb5+ Bd7 5. Bxd7+ Qxd7 6. d3 Nc6 7. Nf3 Nf6 8. O-O Be7 9. Qe1 dxe4 10. Nxe4 O-O 11. Bd2 Nd4 12. Nxd4 Qxd4+ 13. Qf2 Qxb2 14. Bc3 Nxe4 15. Bxb2 Nxf2 16. Rxf2 c4 17. Rf3 cxd3 18. Rxd3 Rfd8 19. Rad1 Rxd3 20. Rxd3 Rd8 21. Rxd8+ Bxd8 22. Ba3 f6 23. Kf2 Kf7 24. Kf3 Be7 25. Bb2 Ke8 26. Ke4 Kd7 27. f5 exf5+ 28. Kxf5 g6+ 29. Ke4 Ke6 30. h3 f5+ 31. Kd3 Bf6 32. Bxf6 Kxf6 33. Kd4 Ke6 34. c4 Kd6 35. c5+ Ke6 36. h4 h6 37. g3 g5 38. hxg5 hxg5 39. a3 g4 40. a4 a5 0-1

[Event "Hungarian Youth-ch I 2024"]
[Site "Szolnok"]
[Date "2024.04.06"]
[Round "9.5"]
[White "Jankovics, Emod"]
[Black "Frank, Balint"]
[Result "0-1"]
[ECO "A43"]
[WhiteElo "1699"]
[BlackElo "1939"]
[Annotator "RC"]
[PlyCount "26"]
[EventDate "2024.03.31"]
[EventType "swiss"]
[EventCountry "HUN"]
[SourceTitle "playchess.com"]
[Source "ChessBase"]
[SourceQuality "1"]
[TimeControl "5400+30"]

1. d4 c5 2. Nf3 cxd4 3. Nxd4 Nf6 4. g3 d5 5. Bg2 e5 6. Nf3 Nc6 7. O-O h6 8. Re1 Bc5 9. a3 e4 10. Nfd2 Bxf2+ 11. Kf1 Bxe1 12. Qxe1 Ng4 13. Bh3 Ne3+ 0-1

[Event "Hungarian Youth-ch I 2024"]
[Site "Szolnok"]
[Date "2024.04.06"]
[Round "9.6"]
[White "Foldes, Marton Gabor"]
[Black "Csernyik, Mark"]
[Result "1/2-1/2"]
[ECO "D12"]
[WhiteElo "2162"]
[BlackElo "2016"]
[Annotator "RC"]
[PlyCount "45"]
[EventDate "2024.03.31"]
[EventType "swiss"]
[EventCountry "HUN"]
[SourceTitle "playchess.com"]
[Source "ChessBase"]
[SourceQuality "1"]
[TimeControl "5400+30"]

1. d4 d5 2. Nf3 Nf6 3. c4 c6 4. e3 Bf5 5. Qb3 Qc7 6. cxd5 cxd5 7. Nc3 e6 8. Bd2 Nc6 9. Rc1 Be7 10. Be2 O-O 11. O-O Ne4 12. Nxe4 Bxe4 13. Ne5 Bd6 14. f3 Bg6 15. f4 Bxe5 16. fxe5 f6 17. exf6 Rxf6 18. Bf3 Raf8 19. Bb4 R8f7 20. Be1 Rf8 21. Bb4 R8f7 22. Be1 Rf8 23. Bb4 1/2-1/2

[Event "Hungarian Youth-ch I 2024"]
[Site "Szolnok"]
[Date "2024.04.06"]
[Round "9.7"]
[White "Gergely, Daniel"]
[Black "Kolimar, Kristof Pal"]
[Result "0-1"]
[ECO "D31"]
[WhiteElo "2230"]
[BlackElo "2282"]
[Annotator "RC"]
[PlyCount "80"]
[EventDate "2024.03.31"]
[EventType "swiss"]
[EventCountry "HUN"]
[SourceTitle "playchess.com"]
[Source "ChessBase"]
[SourceQuality "1"]
[TimeControl "5400+30"]

1. d4 d5 2. c4 e6 3. Nc3 Bb4 4. a3 Bxc3+ 5. bxc3 Nf6 6. e3 c6 7. cxd5 cxd5 8. Nf3 O-O 9. a4 Qc7 10. Qb3 Nc6 11. Ba3 Re8 12. Bb4 e5 13. Bb5 e4 14. Nd2 Be6 15. Rc1 Rec8 16. Qa3 Nxb4 17. Qxb4 a6 18. Be2 a5 19. Qb3 Ne8 20. O-O Nd6 21. Rc2 f5 22. Rfc1 Nc4 23. Nxc4 dxc4 24. Qa3 Bd5 25. Rb1 Qf7 26. Rb5 Ra6 27. Rcb2 Rf6 28. Rc5 Rd8 29. Rbb5 Kh8 30. g3 Bc6 31. Bxc4 Qg6 32. Rb1 f4 33. Bf1 fxe3 34. fxe3 Qh6 35. Re1 Rdf8 36. Bg2 Bd7 37. Rc7 Bh3 38. Qa2 Qxe3+ 39. Rxe3 Rf1+ 40. Bxf1 Rxf1# 0-1

[Event "Hungarian Youth-ch I 2024"]
[Site "Szolnok"]
[Date "2024.04.06"]
[Round "9.8"]
[White "Turcsanyi, Vince Gergo"]
[Black "Megyaszai, Balazs"]
[Result "1-0"]
[ECO "B10"]
[WhiteElo "2247"]
[BlackElo "2029"]
[Annotator "RC"]
[PlyCount "77"]
[EventDate "2024.03.31"]
[EventType "swiss"]
[EventCountry "HUN"]
[SourceTitle "playchess.com"]
[Source "ChessBase"]
[SourceQuality "1"]
[TimeControl "5400+30"]

1. e4 c6 2. Nf3 d5 3. d3 g6 4. e5 Bg7 5. d4 Qc7 6. Be2 h5 7. O-O Nh6 8. Bf4 Qb6 9. Qd2 Qxb2 10. Nc3 Qb6 11. h3 Nf5 12. a4 a5 13. Na2 Na6 14. c4 dxc4 15. Bxc4 Nc7 16. Rab1 Qa7 17. Nc3 Bh6 18. Bxh6 Nxh6 19. d5 cxd5 20. Nxd5 Nxd5 21. Bxd5 Nf5 22. Rfc1 Ng7 23. Bxb7 Bxb7 24. Rc7 O-O 25. Rbxb7 Qa6 26. Rxe7 Rad8 27. Rxf7 Qxb7 28. Rxb7 Rxd2 29. Nxd2 Rd8 30. Nf3 Rd5 31. Ra7 Ne6 32. Kh2 Rc5 33. g3 Rc2 34. Kg1 Nc5 35. Nd4 Rd2 36. Ra8+ Kf7 37. e6+ Ke7 38. Ra7+ Ke8 39. Nc6 1-0

[Event "Hungarian Youth-ch I 2024"]
[Site "Szolnok"]
[Date "2024.04.06"]
[Round "9.9"]
[White "Herczeg, Marcell"]
[Black "Szegedy, Matyas"]
[Result "1-0"]
[ECO "B11"]
[WhiteElo "2107"]
[BlackElo "2177"]
[Annotator "RC"]
[PlyCount "73"]
[EventDate "2024.03.31"]
[EventType "swiss"]
[EventCountry "HUN"]
[SourceTitle "playchess.com"]
[Source "ChessBase"]
[SourceQuality "1"]
[TimeControl "5400+30"]

1. e4 c6 2. Nc3 d5 3. Nf3 Bg4 4. h3 Bxf3 5. Qxf3 e6 6. Be2 Nf6 7. O-O Bc5 8. exd5 cxd5 9. Rd1 Nc6 10. Na4 Be7 11. d4 O-O 12. Nc3 a6 13. Qf4 Rc8 14. a3 b5 15. Bd3 Na5 16. Ne2 Nc4 17. Re1 Re8 18. Kf1 Qb6 19. Ng1 Nd6 20. Nf3 Nfe4 21. Be3 f5 22. h4 h6 23. Qh2 Nf7 24. Bf4 Bf6 25. c3 g5 26. hxg5 hxg5 27. Be5 Nxe5 28. Nxe5 Kg7 29. Qh5 Bxe5 30. Bxe4 Rh8 31. Qxg5+ Kf7 32. dxe5 Rh1+ 33. Ke2 Rxe1+ 34. Rxe1 fxe4 35. Rh1 Rg8 36. Rh7+ Kf8 37. Qe7# 1-0

[Event "Hungarian Youth-ch I 2024"]
[Site "Szolnok"]
[Date "2024.04.06"]
[Round "9.10"]
[White "Bodrogi, Bendeguz"]
[Black "Szabo, Marton Nandor"]
[Result "1-0"]
[ECO "A05"]
[WhiteElo "2316"]
[BlackElo "1957"]
[Annotator "RC"]
[PlyCount "85"]
[EventDate "2024.03.31"]
[EventType "swiss"]
[EventCountry "HUN"]
[SourceTitle "playchess.com"]
[Source "ChessBase"]
[SourceQuality "1"]
[TimeControl "5400+30"]

1. Nf3 Nf6 2. g3 g6 3. b3 c5 4. c4 Bg7 5. Bb2 d6 6. Bg2 e5 7. Nc3 O-O 8. O-O Nc6 9. d3 Ne8 10. a3 a5 11. Ne1 Nc7 12. Nc2 Rb8 13. Na4 Ne6 14. Qd2 Bd7 15. b4 axb4 16. axb4 b5 17. cxb5 Rxb5 18. bxc5 Nxc5 19. Nxc5 Rxb2 20. Nxd7 Qxd7 21. Qc3 Rb6 22. Rab1 Rxb1 23. Rxb1 e4 24. d4 Rc8 25. Qd2 f5 26. e3 Qf7 27. Na3 Ra8 28. Nb5 Rb8 29. Bf1 Qd7 30. Qa2+ Kh8 31. Qa6 Na7 32. Qa5 Nc6 33. Qa2 h5 34. Nc3 Rxb1 35. Qxb1 Ne7 36. Qb6 g5 37. Bb5 Qc8 38. Qxd6 Qxc3 39. Qxe7 f4 40. Qxg5 f3 41. Qxh5+ Kg8 42. Qe8+ Bf8 43. Qxe4 1-0

[Event "Hungarian Youth-ch I 2024"]
[Site "Szolnok"]
[Date "2024.04.06"]
[Round "9.11"]
[White "Lehocz, Jozsef Jr."]
[Black "Horvath, Andras"]
[Result "0-1"]
[ECO "C50"]
[WhiteElo "2143"]
[BlackElo "2260"]
[Annotator "RC"]
[PlyCount "52"]
[EventDate "2024.03.31"]
[EventType "swiss"]
[EventCountry "HUN"]
[SourceTitle "playchess.com"]
[Source "ChessBase"]
[SourceQuality "1"]
[TimeControl "5400+30"]

1. e4 e5 2. Nf3 Nc6 3. Bc4 Nf6 4. d3 Bc5 5. Nc3 d6 6. O-O Be6 7. Bb3 h6 8. Be3 Bb6 9. Nd2 Nd4 10. Ba4+ c6 11. Ne2 Bg4 12. Bxd4 Bxd4 13. c3 Bb6 14. h3 Be6 15. Kh2 h5 16. d4 Qe7 17. f4 Ng4+ 18. hxg4 hxg4+ 19. Kg1 exd4 20. Nxd4 Qh4 21. Re1 g3 22. Kf1 Qxf4+ 23. N2f3 Bc4+ 24. Kg1 Qh6 25. Bxc6+ bxc6 26. Re2 Qh1# 0-1